 Dungeon Crawl Stone Soup version 0.29.0 (webtiles) character file.

Game seed: 6938889717197875542

807 collaery the Trooper (level 8, -4/61 HPs)
             Began as a Human Berserker on Sept 1, 2022.
             Was a Believer of Trog.
             Slain by a gnoll sergeant
             ... wielding a +0 trident
              (7 damage)
             ... on level 5 of the Dungeon.
             The game lasted 00:36:30 (5322 turns).

collaery the Trooper (Human Berserker)              Turns: 5322, Time: 00:36:31

Health: -4/61      AC: 11    Str: 20    XL:     8   Next: 14%
Magic:  8/8        EV:  7    Int:  7    God:    Trog [**....]
Gold:   310        SH:  0    Dex: 13    Spells: 7/7 levels left

rFire   . . .      SeeInvis .   y - +0 war axe
rCold   . . .      Faith    .   (no shield)
rNeg    . . .      Spirit   .   p - +0 plate armour
rPois   .          Reflect  .   (no helmet)
rElec   .          Harm     .   (no cloak)
rCorr   .          Rampage  .   (no gloves)
Will    .....                   (no boots)
Stlth   ..........              h - amulet of the acrobat
HPRegen 0.20/turn               (no ring)
MPRegen 0.11/turn               (no ring)

@: no status effects
A: no striking features
a: Renounce Religion, Berserk, Trog's Hand


You were on level 5 of the Dungeon.
You worshipped Trog.
Trog was pleased with you.
You visited 1 branch of the dungeon, and saw 5 of its levels.

You collected 310 gold pieces.

Inventory:

Hand Weapons
 a - a +0 hand axe
 y - a +0 war axe (weapon)
Missiles
 c - 2 poisoned darts (quivered)
 t - 2 curare-tipped darts
 w - a throwing net
 z - 2 silver javelins
 C - 7 stones
Armour
 b - a +0 chain mail
 p - a +0 plate armour (worn)
Jewellery
 h - an amulet of the acrobat (around neck)
 D - a ring of fire
Scrolls
 e - a scroll of noise {unknown}
 f - 2 scrolls of immolation {unknown}
 g - a scroll of amnesia {unknown}
 i - a scroll of blinking {unknown}
 j - 2 scrolls of teleportation {unknown}
 m - a scroll of brand weapon {unknown}
 q - a scroll of enchant armour {unknown}
 s - a scroll of fog {unknown}
 v - a scroll of identify {unknown}
 A - a scroll of summoning {unknown}
 B - a scroll of vulnerability {unknown}
 F - a scroll of fear {unknown}
Potions
 d - a potion of curing {unknown}
 k - a potion of brilliance
 l - a potion of ambrosia
 n - a potion of heal wounds
 o - 2 potions of haste {unknown}
 r - a potion of magic {unknown}
 u - a potion of mutation {unknown}
 x - a potion of attraction {unknown}
 E - a potion of resistance {unknown}


   Skills:
 + Level 4.6 Fighting
 + Level 4.5 Axes
 + Level 3.2 Throwing
 + Level 3.9 Armour
 + Level 3.8 Dodging
 + Level 3.5 Stealth


You had 7 spell levels left.
You didn't know any spells.
Your spell library contained the following spells:

 Spells                   Type           Power      Damage    Failure   Level
 Sandblast                Erth           0%         2d4       100%        1
 Summon Small Mammal      Summ           0%         N/A       100%        1
 Passwall                 Tmut/Erth      0%         N/A       100%        2
 Call Canine Familiar     Summ           0%         N/A       100%        3
 Inner Flame              Hex/Fire       0%         N/A       100%        3
 Stone Arrow              Conj/Erth      0%         3d7       100%        3
 Summon Guardian Golem    Hex/Summ       0%         N/A       100%        3
 Tukima's Dance           Hex            0%         N/A       100%        3
 Cause Fear               Hex            0%         N/A       100%        4
 Passage of Golubria      Tloc           0%         N/A       100%        4
 Yara's Violent Unravell  Hex/Tmut       0%         3d3       100%        5
 Discord                  Hex            0%         N/A       100%        8


Dungeon Overview and Level Annotations

Branches:
Dungeon (5/15)             Temple (0/1) D:4

Altars:
Ashenzari


Message History

F - a scroll labelled JEXEGG VABLY 2 gnolls come into view.
The gnoll shouts! x2
A gnoll comes into view. It is wielding a +0 spear.
A gnoll comes into view. It is wielding a +0 flail.
A gnoll sergeant comes into view. It is wielding a +0 trident.
The gnoll sergeant shouts!
The gnoll shouts! x2; You hear an angry hiss.
The gnoll misses you.
You barely miss the gnoll. The gnoll hits you with a +0 flail.
You hit the gnoll but do no damage. The gnoll barely misses you.
The gnoll hits you with a +0 flail.
You slash the gnoll!
The gnoll is severely wounded.
The gnoll hits you with a +0 flail!
The gnoll sergeant hits you from afar with a +0 trident.
You hit the gnoll.
The gnoll is severely wounded.
The gnoll hits you with a +0 flail.
The gnoll sergeant hits you but does no damage.
You hit the gnoll.
You kill the gnoll!
Trog accepts your kill. The gnoll sergeant barely misses you.
The gnoll sergeant hits you with a +0 trident!
You hit the gnoll sergeant but do no damage.
The gnoll sergeant hits you with a +0 trident!
* * * LOW HITPOINT WARNING * * *
The gnoll sergeant hits you but does no damage.
You hit the gnoll sergeant.
The gnoll sergeant is moderately wounded.
The gnoll sergeant hits you with a +0 trident.
* * * LOW HITPOINT WARNING * * *
You hit the gnoll sergeant.
The gnoll sergeant is moderately wounded.
The gnoll sergeant hits you with a +0 trident.
* * * LOW HITPOINT WARNING * * *
You closely miss the gnoll sergeant.
The gnoll sergeant is moderately wounded.
The gnoll sergeant hits you with a +0 trident!
You die...

#..........#
#..........#
#..........#
#..........#
#....g.....#
#.###g###### #.
#g# # #g# #@# #.#
#.#
################.#
.................#
##################
# # #


You could see a gnoll sergeant and 3 gnolls.

Vanquished Creatures
  Sigmund (D:2)
  An ice beast (D:5)
  An ogre (D:5)
  3 scorpions
  An orc priest (D:5)
  An iguana (D:4)
  Ijyb (D:4)
  Natasha (twice) (D:3)
  2 gnolls
  7 adders
  A worm (D:2)
  3 dart slugs (D:3)
  17 orcs
  4 endoplasms
  2 giant cockroaches
  2 goblins
  2 hobgoblins
  5 jackals
  2 quokkas
  7 ball pythons
  A bat (D:1)
  6 frilled lizards
  6 kobolds
  6 rats
84 creatures vanquished.

Vanquished Creatures (others)
  2 plants (D:5)
2 creatures vanquished.

Grand Total: 86 creatures vanquished

Notes
Turn   | Place    | Note
-------+----------+-------------------------------------------
     0 | D:1      | collaery the Human Berserker began the quest for the Orb.
     0 | D:1      | Reached XP level 1. HP: 18/18 MP: 1/1
   391 | D:1      | Found a faded altar of an unknown god.
   446 | D:1      | Reached XP level 2. HP: 10/24 MP: 2/2
   827 | D:2      | HP: 1/24 [worm (9)]
   830 | D:2      | Reached XP level 3. HP: 1/29 MP: 3/3
  1198 | D:2      | Reached skill level 1 in Throwing
  1198 | D:2      | Reached skill level 1 in Stealth
  1499 | D:2      | Noticed Sigmund
  1505 | D:2      | Killed Sigmund
  1506 | D:2      | Reached XP level 4. HP: 30/37 MP: 4/4
  1506 | D:2      | Reached XP level 5. HP: 35/42 MP: 5/5
  1506 | D:2      | Reached XP level 6. HP: 40/48 MP: 6/6
  2403 | D:3      | Noticed Natasha
  2450 | D:3      | Killed Natasha
  2482 | D:3      | Noticed Natasha
  2592 | D:3      | Reached ** piety under Trog
  3080 | D:3      | Killed Natasha
  3496 | D:4      | Reached XP level 7. HP: 53/54 MP: 7/7
  3663 | D:4      | Found a staircase to the Ecumenical Temple.
  3786 | D:4      | Found a broken altar of Ashenzari.
  4181 | D:4      | Noticed Ijyb
  4230 | D:4      | Killed Ijyb
  4606 | D:5      | Entered Level 5 of the Dungeon
  5172 | D:5      | Reached XP level 8. HP: 45/61 MP: 8/8
  5321 | D:5      | HP: 3/61 [gnoll sergeant/+0 trident (1)]
  5322 | D:5      | Slain by a gnoll sergeant

Illustrated notes

Levels and vault maps discovered:
D:1:      minmay_arrival_four_loops, layout_loops_cross,
          dreamdust_ecumenical_altar_statues, chequers_jeans
D:2:      layout_basic, uniq_sigmund
D:3:      layout_loops_cross, uniq_natasha
D:4:      layout_basic, mainiacjoe_overflow_24_doors, temple_green, st_stairs_4,
          uniq_ijyb
D:5:      corexii_shack_village, layout_basic, mainiacjoe_overflow_paths,
          uniq_menkaure

Skill      XL: |  1  2  3  4  5  6  7 |
---------------+----------------------+-----
Throwing       | 1 2 3 |  3.2
Stealth        | 2 3 |  3.5
Armour         | 3 |  3.9
Dodging        | 3 |  3.8
Fighting       | 4 |  4.6
Axes           | 4 |  4.5

Action                   |  1- 3 |  4- 6 |  7- 9 || total
-------------------------+-------+-------+-------++-------
Melee: Hand axe          |    73 |   132 |    49 ||   254
       Punch             |     1 |     2 |       ||     3
       Unarmed           |       |    19 |       ||    19
       War axe           |       |       |   110 ||   110
Throw: Stone             |    13 |    22 |       ||    35
       Dart              |       |     1 |     2 ||     3
       Boomerang         |       |       |     2 ||     2
Invok: Berserk           |     1 |       |       ||     1
  Use: Potion            |       |     2 |       ||     2
Armor: Ring mail         |    17 |     5 |       ||    22
       Plate armour      |       |    54 |   108 ||   162
       Skin              |       |     1 |       ||     1
Dodge: Dodged            |    40 |    68 |    75 ||   183
